 Dungeon Crawl Stone Soup version 0.28-a0-957-g42eb19b844 (webtiles) character file.

Game seed: 10511945811068776382

66881 kae the Corrupter of Planes (level 14, 0/118 HPs)
             Began as a Demonspawn Abyssal Knight on Nov 30, 2021.
             Was the Champion of Lugonu.
             Shot with an arrow by a centaur warrior (13 damage)
             ... on level 15 of the Dungeon on Dec 2, 2021.
             The game lasted 00:27:32 (35014 turns).

kae the Corrupter of Planes (DsAK)                 Turns: 35014, Time: 00:27:32

Health: 0/118      AC: 18    Str: 19    XL:     14   Next: 80%
Magic:  0/26       EV: 18    Int: 12    God:    Lugonu [******]
Gold:   1064       SH:  0    Dex: 13    Spells: 13/13 levels left

rFire   . . .      SeeInvis .   u - +9 mace (freeze)
rCold   . . .      Faith    .   (no shield)
rNeg    . . .      Spirit   +   v - +3 acid dragon scales
rPois   +          Reflect  .   f - +2 hat
rElec   .          Harm     .   J - +0 cloak
rCorr   +          Rampage  .   n - +1 pair of gloves
Will    +....                   (no boots)
Stlth   +.........              k - amulet of magic regeneration
HPRegen 0.29/turn               e - +4 ring of evasion
MPRegen 0.80/turn               y - ring of poison resistance

@: very slow
A: horns 2, molten scales 1, powered by death 1, magic shield, magic
regeneration, magic link
a: Renounce Religion, Depart the Abyss, Bend Space, Banish, Corrupt, Enter the
Abyss, Brand Weapon With Distortion


You were on level 15 of the Dungeon.
You worshipped Lugonu.
Lugonu was exalted by your worship.
You visited 2 branches of the dungeon, and saw 21 of its levels.
You visited the Abyss 1 time.
You also visited: Ossuary.

You collected 1185 gold pieces.
You spent 121 gold pieces at shops.

Inventory:

Hand Weapons
 a - a +2 spectral mace
 u - a +9 mace of freezing (weapon)
 w - a +0 halberd
Missiles
 B - 4 throwing nets
Armour
 f - a +2 hat (worn)
 n - a +1 pair of gloves (worn)
 v - +3 acid dragon scales (worn)
 J - a +0 cloak (worn)
Jewellery
 e - a +4 ring of evasion (left hand)
 j - a ring of magical power
 k - an amulet of magic regeneration (around neck)
 y - a ring of poison resistance (right hand)
 E - a ring of magical power
 L - a ring of resist corrosion
 R - a +6 ring of intelligence
 S - a ring of fire
Wands
 s - a wand of iceblast (18)
 A - a wand of acid (14)
 D - a wand of mindburst (3)
 F - a wand of digging (5)
 G - a wand of charming (14)
 O - a wand of flame (42)
 Q - a wand of polymorph (10)
Scrolls
 i - 3 scrolls of magic mapping
 m - 5 scrolls of fog
 r - 3 scrolls of teleportation
 x - 9 scrolls of identify
 z - a scroll of blinking
 K - 2 scrolls of amnesia
 N - a scroll of silence
Potions
 b - 5 potions of curing
 d - a potion of ambrosia
 g - 2 potions of cancellation
 h - 4 potions of mutation
 l - 2 potions of attraction
 o - 3 potions of haste
 p - 2 potions of degeneration
 q - 3 potions of flight
 t - 5 potions of lignification
 C - a potion of resistance {unknown}
 H - 4 potions of magic
 I - a potion of brilliance
 M - 3 potions of might
 P - a potion of berserk rage


   Skills:
 - Level 13.0 Fighting
 - Level 16.0 Maces & Flails
 + Level 7.0 Armour
 + Level 6.8 Dodging
 - Level 16.0 Invocations


You had 13 spell levels left.
You didn't know any spells.
Your spell library contained the following spells:

 Spells                   Type           Power      Damage    Failure   Level
 Magic Dart               Conj           0%         1d3       38%         1
 Summon Small Mammal      Summ           0%         N/A       38%         1
 Blink                    Tloc           0%         N/A       54%         2
 Call Imp                 Summ           0%         N/A       54%         2
 Corpse Rot               Necr/Air       0%         N/A       54%         2
 Call Canine Familiar     Summ           0%         N/A       77%         3
 Dazzling Flash           Conj/Hex       0%         N/A       77%         3
 Frozen Ramparts          Ice            0%         1d2       77%         3
 Lesser Beckoning         Tloc           0%         N/A       77%         3
 Mephitic Cloud           Conj/Pois/Air  0%         N/A       77%         3
 Ozocubu's Armour         Ice            0%         N/A       77%         3
 Summon Guardian Golem    Hex/Summ       0%         N/A       77%         3
 Animate Dead             Necr           0%         N/A       99%         4
 Dispel Undead            Necr           0%         3d6       99%         4
 Hailstorm                Conj/Ice       0%         3d3       99%         4
 Ice Form                 Ice/Tmut       0%         N/A       99%         4
 Passage of Golubria      Tloc           0%         N/A       99%         4
 Summon Ice Beast         Ice/Summ       0%         N/A       99%         4
 Agony                    Necr           0%         N/A       100%        5
 Borgnjor's Vile Clutch   Necr/Erth      0%         N/A       100%        5
 Manifold Assault         Tloc           0%         N/A       100%        5
 Metabolic Englaciation   Hex/Ice        0%         N/A       100%        5
 Silence                  Hex/Air        0%         N/A       100%        5
 Death Channel            Necr           0%         N/A       100%        6
 Simulacrum               Ice/Necr       0%         N/A       100%        6
 Ozocubu's Refrigeration  Ice            0%         4d5       100%        7
 Lehudib's Crystal Spear  Conj/Erth      0%         10d2      100%        8


Dungeon Overview and Level Annotations

Branches:
Dungeon (14/15)            Temple (0/1) D:7            Lair (6/6) D:8
  Swamp (0/4) Lair:4       Spider (0/4) Lair:3        Slime (0/5) Lair:5
    Orc (0/2) D:12        Ossuary (visited)
 Vaults: D:13-14

Altars:
Ashenzari
Lugonu

Shops:
D:3 [   D:7 (   D:9 (   D:10 (   D:11 !   D:12 *

Portals:
Abyss: Lair:6

Annotations:
D:7 1 runed translucent door, Crazy Yiuf
Abyss:1 Nessos


Innate Abilities, Weirdness & Mutations

You have a pair of horns on your head.
You are partially covered in molten scales. (AC +2)
You regenerate a little health from kills.
When hurt, damage is shared between your health and your magic reserves.
You regenerate magic rapidly.
When low on magic, you restore magic in place of health.


Message History

The meliai invokes the aid of its god against you.
Something smites you!
* * * LOW HITPOINT WARNING * * *
The meliai barely misses you. The meliai closely misses you.
You barely miss the meliai. You headbutt the meliai.
The meliai is lightly wounded.
The meliai hits you with a +0 hand axe.
* * * LOW HITPOINT WARNING * * *
The meliai misses you.
You closely miss the meliai.
You headbutt the meliai, but do no damage.
The meliai invokes the aid of its god against you.
Something smites you!
* * * LOW HITPOINT WARNING * * *
Okay, then.
Blink to where?
Press: ? - help, Dir - move target
As you read the scroll of blinking, it crumbles to dust.
As you read the scroll of teleportation, it crumbles to dust.
You feel strangely unstable.
You feel much better. The meliai barely misses you.
The meliai completely misses you. The meliai hits you but does no damage.
The meliai completely misses you.
Your surroundings suddenly seem different.
Splash!
You fall into the shallow water.
Moving in this stuff is going to be slow.
You start resting.
A centaur warrior comes into view. It is wielding a +0 trident.
The centaur warrior shouts!
The centaur warrior unwields a +0 trident.
The centaur warrior wields a +0 longbow.
The centaur warrior shoots an arrow.
The arrow hits you but does no damage.
An electric eel comes into view.
The centaur warrior shoots an arrow.
The arrow misses you.
A meliai comes into view. It is wielding a +0 hand axe.
The centaur warrior shoots an arrow.
The arrow hits you!
* * * LOW HITPOINT WARNING * * *
The centaur warrior shoots an arrow.
The arrow hits you!!
You die...

≈≈≈#.#≈≈≈#
≈≈≈≈.≈≈≈≈#
≈cy≈≈≈≈≈≈#
≈S≈≈≈≈≈≈≈#
≈≈≈≈≈≈≈≈#
#≈≈≈≈≈#
#.≈≈≈≈#
...≈≈
#.#≈≈≈#
...≈≈
##@##
...≈≈ ###
....≈ ...#
...# ...#
y°°# ○..°.
#.y..


You could see a centaur warrior, a meliai (wandering) and an electric eel.

Vanquished Creatures
  Frances (D:12)
  Snorg (Lair:3)
  Harold (Lair:1)
  3 boulder beetles
  11 hydras
  2 catoblepae
  A centaur warrior (D:10)
  4 two-headed ogres
  2 death yaks
  2 thrashing horrors (Lair:6)
  Nergalle (Lair:1)
  4 harpies (D:13)
  2 deep elf pyromancers
  A lindwurm (Lair:4)
  4 manticores
  3 cyclopes
  7 ugly things
  8 elephants
  2 black mambas (Lair:6)
  A torpor snail (Lair:6)
  An unseen horror (D:12)
  Maggie (D:7)
  A smoke demon (Lair:6)
  A gargoyle (D:10)
  11 cane toads
  2 rime drakes
  A kobold demonologist (D:11)
  An ancient zyme (Lair:6)
  An efreet (D:15)
  8 komodo dragons
  A jumping spider (shapeshifter) (Lair:6)
  2 meliai (D:15)
  3 polar bears (Lair:6)
  3 trolls
  2 large abominations (Lair:6)
  A hornet (D:8)
  39 blink frogs
  Prince Ribbit (D:5)
  A jumping spider (Lair:3)
  A meliai zombie (D:10)
  A vampire (D:11)
  A shadow (D:9)
  4 wyverns
  A ynoxinul (Lair:6)
  4 redbacks (Lair:3)
  A tarantella (shapeshifter) (Lair:6)
  A water elemental (D:15)
  27 yaks
  11 vampire mosquitoes
  2 wraiths (D:10)
  11 basilisks
  A steam dragon (D:8)
  2 chaos spawn (Lair:6)
  3 wargs (D:12)
  3 acid dragons
  7 water moccasins
  Duvessa (D:7)
  5 orc warriors
  2 sky beasts
  An ice beast (D:7)
  A necrophage (D:6)
  6 centaurs
  2 kobold brigands (D:8)
  3 elf zombies (Ossuary)
  12 small abominations (Lair:6)
  8 bullfrogs
  2 gnoll sergeants
  A wyvern zombie (D:8)
  5 scorpions
  8 wights
  13 killer bees
  Dowan (D:7)
  3 howler monkeys
  3 hounds
  4 centaur zombies (Ossuary)
  15 jellies
  6 orc priests
  3 iguanas
  11 hell rats
  7 orc wizards
  2 hound skeletons (D:4)
  2 mummies (Ossuary)
  2 howler monkey zombies
  A howler monkey skeleton (D:5)
  20 gnolls
  12 adders
  A shadow imp (D:7)
  2 worms
  15 orcs
  10 ball pythons
  7 bats
  5 endoplasms
  3 giant cockroaches
  12 hobgoblins
  4 jackals (D:2)
  15 kobolds
  6 quokkas
  2 frilled lizards (D:2)
  8 goblins
  2 goblin zombies (Ossuary)
  9 hobgoblin zombies (Ossuary)
  A jackal zombie (Ossuary)
  4 kobold zombies (Ossuary)
  14 orc zombies (Ossuary)
  A quokka skeleton (D:4)
  3 rats (D:3)
509 creatures vanquished.

Vanquished Creatures (others)
  A wizard (D:15)
  27 fungi
  55 plants
83 creatures vanquished.

Grand Total: 592 creatures vanquished

Notes
Turn   | Place    | Note
-------+----------+-------------------------------------------
     0 | Abyss:1  | kae the Demonspawn Abyssal Knight began the quest for the
                  | Orb.
     0 | Abyss:1  | Reached XP level 1. HP: 18/18 MP: 2/2
   133 | Abyss:1  | Noticed a ynoxinul
   135 | D:1      | Escaped the Abyss
   361 | D:1      | Gained mutation: You regenerate magic rapidly. [demonic
                  | ancestry]
   361 | D:1      | Reached XP level 2. HP: 15/24 MP: 4/4
  1021 | D:2      | Gained mutation: When hurt, damage is shared between your
                  | health and your magic reserves. [demonic ancestry]
  1021 | D:2      | Reached XP level 3. HP: 23/29 MP: 5/5
  1045 | D:2      | Reached ** piety under Lugonu
  1891 | D:2      | Reached XP level 4. HP: 29/35 MP: 6/6
  2505 | D:2      | Found a faded altar of an unknown god.
  3227 | D:3      | Found Aronooxe's Antique Armour Emporium.
  3834 | D:4      | Noticed a scorpion
  3845 | D:3      | Reached XP level 5. HP: 26/42 MP: 5/8
  4612 | D:4      | Reached *** piety under Lugonu
  4788 | D:4      | You fall into a shaft and drop 2 floors!
  4825 | D:5      | Entered Level 5 of the Dungeon
  4828 | D:5      | Noticed a necrophage
  4848 | D:6      | Killed a necrophage
  4849 | D:6      | Gained mutation: You regenerate a little health from kills.
                  | [demonic ancestry]
  4849 | D:6      | Reached XP level 6. HP: 45/49 MP: 9/9
  4909 | D:6      | Reached skill level 5 in Invocations
  4911 | D:6      | Gained mutation: Your muscles are strong. (Str +2) [potion
                  | of mutation]
  4911 | D:6      | Lost mutation: Your muscles are strong. (Str +2) [potion of
                  | mutation]
  4911 | D:6      | Gained mutation: You have a pair of small horns on your
                  | head. [potion of mutation]
  5222 | D:5      | Noticed Prince Ribbit
  5244 | D:5      | Found a sand-covered staircase.
  5248 | Ossuary  | Entered an ossuary
  5576 | Ossuary  | Reached skill level 5 in Maces & Flails
  5579 | Ossuary  | Reached XP level 7. HP: 13/55 MP: 4/11
  5598 | Ossuary  | Reached skill level 5 in Fighting
  5605 | Ossuary  | Reached **** piety under Lugonu
  5876 | D:5      | Killed Prince Ribbit
  5877 | D:5      | Gained mutation: You are partially covered in molten
                  | scales. (AC +2) [demonic ancestry]
  5877 | D:5      | Reached XP level 8. HP: 38/63 MP: 10/12
  6058 | D:5      | Found a broken altar of Ashenzari.
  6806 | D:5      | Noticed a two-headed ogre
  7534 | D:4      | Identified the +7 dagger of Quantum Leap {drain, Contam
                  | Int+7 Dex+3}
  7696 | D:5      | Reached XP level 9. HP: 36/71 MP: 10/15
  9695 | D:7      | Noticed Maggie
  9727 | D:7      | Killed Maggie
 10308 | D:7      | Noticed a manticore
 10325 | D:7      | Killed a manticore
 10591 | D:7      | Found Wontia's Weapon Shop.
 10619 | D:7      | Found a staircase to the Ecumenical Temple.
 10658 | D:7      | Noticed Duvessa
 10658 | D:7      | Noticed Dowan
 10676 | D:7      | Killed Duvessa
 10677 | D:7      | Mutation became permanent: You have a pair of small horns
                  | on your head. [demonic ancestry]
 10677 | D:7      | Gained mutation: You have a pair of small horns on your
                  | head. [demonic ancestry]
 10677 | D:7      | Reached XP level 10. HP: 59/80 MP: 17/17
 10683 | D:7      | Killed Dowan
 11118 | D:7      | Found a runed translucent door.
 11119 | D:7      | Noticed Crazy Yiuf
 11584 | D:8      | Reached skill level 10 in Invocations
 11701 | D:8      | Reached skill level 10 in Maces & Flails
 11859 | D:8      | Reached ***** piety under Lugonu
 12590 | D:8      | Found a staircase to the Lair.
 13803 | D:9      | Found Ica Ysm's Antique Weapon Boutique.
 13954 | D:10     | Entered Level 10 of the Dungeon
 13964 | D:10     | Noticed a gargoyle
 13972 | D:10     | Killed a gargoyle
 13973 | D:10     | Reached XP level 11. HP: 53/89 MP: 13/19
 14306 | D:10     | Identified the +8 halberd of Karma {speed, Int+3}
 14310 | D:10     | Noticed a boulder beetle
 14698 | D:9      | Killed a boulder beetle
 14905 | D:10     | Noticed a centaur warrior
 14922 | D:10     | Killed a centaur warrior
 15124 | D:10     | Noticed a two-headed ogre
 15132 | D:10     | Killed a two-headed ogre
 15384 | D:10     | Found Hangedghi's Antique Weapon Boutique.
 15608 | D:11     | Found Ufuisac's Distillery.
 15616 | D:11     | Bought a potion of curing for 33 gold pieces
 15616 | D:11     | Bought a potion of lignification for 33 gold pieces
 15616 | D:11     | Bought a potion of heal wounds for 55 gold pieces
 15880 | D:11     | You fall into a shaft and drop 3 floors!
 15960 | D:13     | Noticed a harpy
 15960 | D:13     | Noticed a harpy
 15960 | D:13     | Noticed a harpy
 15960 | D:13     | Noticed a harpy
 15968 | D:13     | Killed a harpy
 15979 | D:13     | Killed a harpy
 16246 | D:13     | Killed a harpy
 16247 | D:13     | Reached skill level 10 in Fighting
 16247 | D:13     | Killed a harpy
 16423 | D:13     | Noticed a tengu warrior
 16426 | D:13     | Noticed a catoblepas
 16633 | D:12     | Noticed Frances
 16653 | D:12     | Killed Frances
 17742 | D:11     | Gained mutation: When low on magic, you restore magic in
                  | place of health. [demonic ancestry]
 17742 | D:11     | Reached XP level 12. HP: 97/98 MP: 21/21
 18206 | D:12     | Noticed a two-headed ogre
 18214 | D:12     | Killed a two-headed ogre
 18708 | D:12     | Noticed a boulder beetle
 18727 | D:12     | HP: 3/98 [cyclops (13)]
 19057 | D:12     | Found Yroenu Wiruq's Changing Room.
 19315 | D:12     | Noticed Nessos
 19325 | D:12     | Banished Nessos
 19759 | D:12     | Killed a boulder beetle
 20020 | D:12     | Noticed a two-headed ogre
 20029 | D:12     | Killed a two-headed ogre
 20265 | D:12     | Found a staircase to the Orcish Mines.
 20415 | Lair:1   | Entered Level 1 of the Lair of Beasts
 20415 | Lair:1   | Noticed Harold
 20496 | Lair:1   | Killed Harold
 21071 | Lair:1   | Noticed Nergalle
 21091 | Lair:1   | Killed Nergalle
 21925 | Lair:2   | Noticed a four-headed hydra
 21931 | Lair:2   | Killed a four-headed hydra
 22904 | Lair:3   | Noticed a six-headed hydra
 22915 | Lair:3   | Killed a six-headed hydra
 22968 | Lair:3   | Gained mutation: You have a pair of horns on your head.
                  | [demonic ancestry]
 22968 | Lair:3   | Reached XP level 13. HP: 92/106 MP: 23/23
 23276 | Lair:3   | Noticed Snorg
 23285 | Lair:3   | Killed Snorg
 23728 | Lair:3   | Found a hole to the Spider Nest.
 25090 | Lair:4   | Reached skill level 15 in Invocations
 25282 | Lair:4   | Reached skill level 15 in Maces & Flails
 25607 | Lair:4   | Found a staircase to the Swamp.
 28437 | Lair:5   | Found a staircase to the Slime Pits.
 29039 | Lair:6   | Entered Level 6 of the Lair of Beasts
 29761 | Lair:6   | Reached XP level 14. HP: 110/116 MP: 26/26
 29792 | Lair:6   | Reached ****** piety under Lugonu
 29793 | Lair:6   | Reached skill level 1 in Dodging
 31698 | Lair:6   | Reached skill level 5 in Armour
 31775 | Lair:6   | Reached skill level 5 in Dodging
 32930 | Lair:6   | Found a corrupted altar of Lugonu.
 32930 | Lair:6   | Found a one-way gate to the infinite horrors of the Abyss.
 34405 | D:13     | You fall into a shaft and drop 2 floors!
 34405 | D:15     | Entered Level 15 of the Dungeon
 35003 | D:15     | HP: 1/118 [meliai/divine providence (9)]
 35014 | D:15     | Shot with an arrow by a centaur warrior

Illustrated notes

Levels and vault maps discovered:
D:1:      dpeg_arrival_tiny_k, layout_loops_ring
D:2:      layout_basic, ebering_ecumenical_altar_box, kennysheep_generic_room_5
D:3:      layout_loops_ring, serial_shops, shop_statue
D:4:      layout_loops_ring
D:5:      layout_rooms, ashenzari_altar_1, nicolae_ossuary_entry_plus,
          grunt_ministairs_13, uniq_prince_ribbit1
D:6:      layout_loops_corners, chequers_serial_rivers_micro_c
D:7:      layout_layer_cave, minmay_temple_entry_trees, serial_shops, shop,
          minmay_fractal_squares_gapless_5, uniq_crazy_yiuf_cottage,
          uniq_maggie, uniq_duvessa
D:8:      layout_loops_corners, david_lair_shrubbed
D:9:      layout_cave_pools, serial_shops, shop
D:10:     layout_roguey, serial_shops, shop, minmay_checkerbox
D:11:     layout_rooms, serial_shops, shop
D:12:     layout_roguey, minmay_orc_entry_guard_dogs,
          nicolae_transmutations_shop, uniq_frances, uniq_nessos
D:13:     layout_roguey
D:14:     layout_cave_pools, lightli_vaults_fourway_checkpoint, minivault_24
D:15:     hangedman_depths_entry_civil_slaughter, layout_basic,
          grunt_decor_one_mirror
Lair:1:   layout_long_grid, uniq_harold, uniq_nergalle
Lair:2:   layout_cave_pods, lemuel_fruit_tree
Lair:3:   layout_hall_layers, spider_nest_entry_funnel_web, uniq_snorg
Lair:4:   layout_loops_ring, minmay_swamp_entry_swarm,
          chequers_serial_rivers_small_a, grunt_megastairs_5
Lair:5:   layout_long_grid, minmay_slime_entry_jelly_boxes
Lair:6:   hellmonk_lair_end_abyssal_woods, layout_regular_city,
          kennysheep_basilisk_garden, serial_bayou_shore_a

Skill      XL: |  1  2  3  4  5  6  7  8  9 10 11 12 13 14 |
---------------+-------------------------------------------+-----
Maces & Flails | 2 3 4 5 6 7 9 11 12 14 16 | 16.0
Invocations    | 3 4 5 6 8 9 11 13 14 16 | 16.0
Fighting       | 4 5 6 7 9 10 11 12 13 | 13.0
Dodging        | 6 |  6.8
Armour         | 7 |  7.0

Action                   |  1- 3 |  4- 6 |  7- 9 | 10-12 | 13-15 || total
-------------------------+-------+-------+-------+-------+-------++-------
Melee: Mace              |   113 |   281 |   434 |   703 |  1073 ||  2604
       Headbutt          |       |    27 |    96 |   132 |   257 ||   512
Invok: Bend Space        |       |       |     2 |       |     1 ||     3
       Banish            |       |       |       |     1 |     4 ||     5
Evoke: Wand              |       |       |       |    13 |     1 ||    14
  Use: Scroll            |       |    10 |     6 |     8 |    11 ||    35
       Potion            |       |     5 |     4 |     3 |     2 ||    14
 Stab: Sleeping          |       |     2 |       |       |       ||     2
       Petrified         |       |       |       |       |    15 ||    15
       Petrifying        |       |       |       |       |     1 ||     1
Armor: Leather armour    |    51 |    50 |       |       |       ||   101
       Ring mail         |       |   125 |   107 |       |       ||   232
       Acid dragon scale |       |       |    21 |   300 |   405 ||   726
Dodge: Dodged            |    65 |   341 |   297 |   557 |   703 ||  1963

Table legend: (Time is in decaauts)
 A = Elapsed time spent in this place.
 B = Non-inter-level travel time spent in this place.
 C = Inter-level travel time spent in this place.
 D = Time resting spent in this place.
 E = Time spent auto-exploring this place.
 F = Levels seen in this place.
 G = Mean time per level.
                   A        B        C        D        E       F      G
               +--------+--------+--------+--------+--------+-----+--------+
         Total |  34701 |  33171 |   1530 |   8013 |  20600 |  23 | 1508.7 |
       Dungeon |  21294 |  20218 |   1076 |   4635 |  12808 |  15 | 1419.6 |
          Lair |  12675 |  12221 |    454 |   3093 |   7613 |   6 | 2112.5 |
         Abyss |    135 |    135 |      0 |    119 |      5 |   1 |  135.0 |
       Ossuary |    596 |    596 |      0 |    165 |    174 |   1 |  596.0 |
               +--------+--------+--------+--------+--------+-----+--------+

Top non-repeatable levels by time:
  Lair:6: 3762 daAuts
    D:12: 3094 daAuts
  Lair:4: 2563 daAuts
  Lair:3: 2190 daAuts
     D:7: 2159 daAuts
     D:2: 2097 daAuts
     D:8: 1942 daAuts
     D:4: 1711 daAuts
  Lair:2: 1595 daAuts
  Lair:5: 1539 daAuts
     D:6: 1454 daAuts
     D:5: 1399 daAuts
    D:13: 1372 daAuts
    D:10: 1324 daAuts
     D:3: 1224 daAuts
